AoeStats
← Raul Selección

Lombardia

509946381Analyzed
4v4 RM · 3d ago on Sep 28, 2026· 46m 59s· 8 players
Game mode
Random Map
Map size
Large (8 player)
Population
200
Speed
Normal
Resources
Standard
Victory
Conquest
Starting age
Dark Age
Ending age
Imperial Age
RankedLock teamsTeams togetherTeam positionsShared explorationLock speedFull tech treeHidden civsTurbo modeCheats
Victory
Defeat
🇪🇸 Danes · Spain
1016
+16
🇪🇸 Italians · Spain
1014
+16
🇫🇷 Saxons · France
1011
+16
🇱🇹 Spanish · Lithuania
998
+16
🇺🇸 Goths · United States
1028
-17
🇺🇸 Huns · United States
1026
-17
🇺🇸 Maya · United States
1015
-16
🇷🇺 Danes · Russia
963
-14
stasaitis
11:37 Feudal Age
9:53 Loom
12:40 Double-Bit Axe
15:08 Castle Age
13:13 Double-Bit Axe
16:11 Horse Collar
22:32 Scale Barding Armor
22:48 Padded Archer Armor
26:21 Man-at-Arms
29:18 Gold Mining
29:25 Stone Mining
33:32 Heavy Plow
34:52 Wheelbarrow
37:59 Bow Saw
38:31 Chain Barding Armor
38:27 Leather Archer Armor
39:15 Hand Cart
39:24 Ballistics
41:36 Masonry
43:04 Murder Holes
Anne d'autriche
11:02 Feudal Age
12:02 Double-Bit Axe
12:01 Horse Collar
12:41 Gold Mining
14:42 Wheelbarrow
13:55 Loom
15:42 Stone Mining
19:05 Castle Age
17:10 Fletching
17:27 Stone Mining
19:59 Bow Saw
19:53 Heavy Plow
20:39 Gold Shaft Mining
21:30 Bodkin Arrow
25:51 Hand Cart
26:49 Caravan
28:18 Ballistics
40:47 Imperial Age
39:46 Forging
39:36 Scale Mail Armor
39:42 Scale Barding Armor
41:48 Chain Mail Armor
42:11 Iron Casting
41:28 Gambesons
41:45 Squires
41:08 Elite Varangian Guard
42:06 Squires
45:21 Conscription
45:53 Arson
45:32 Shield Wall
46:56 Plate Mail Armor
3loi1123
4:01 Loom
10:54 Feudal Age
11:49 Double-Bit Axe
19:16 Castle Age
21:12 Bow Saw
23:31 Wheelbarrow
22:42 Town Watch
26:22 Squires
26:08 Arson
27:53 Hand Cart
30:32 Gold Mining
30:33 Stone Mining
31:36 Town Patrol
32:39 Scale Mail Armor
32:50 Forging
33:07 Horse Collar
34:46 Chain Mail Armor
36:30 Iron Casting
38:35 Imperial Age
38:31 Masonry
38:18 Murder Holes
38:46 Capped Ram
39:55 Conscription
38:57 Hamask
40:15 Hoardings
39:51 Siege Ram
40:39 Siege Engineers
41:36 Chemistry
40:51 Elite Varangian Guard
42:10 Plate Mail Armor
42:40 Blast Furnace
43:18 Gold Shaft Mining
43:19 Stone Shaft Mining
Raul Selección
4:58 Loom
12:37 Feudal Age
19:21 Castle Age
17:49 Forging
18:57 Double-Bit Axe
18:53 Horse Collar
22:49 Scale Barding Armor
22:13 Light Cavalry
26:44 Fletching
26:55 Padded Archer Armor
29:30 Heavy Plow
29:42 Bow Saw
29:54 Leather Archer Armor
31:05 Wheelbarrow
31:08 Ballistics
35:01 Imperial Age
33:24 Town Watch
34:47 Hand Cart
34:41 Town Patrol
35:11 Thumb Ring
36:41 Bodkin Arrow
37:17 Ring Archer Armor
37:50 Chemistry
37:54 Conscription
38:10 Hoardings
37:29 Elite Genoese Crossbowman
39:15 Bracer
xyx_sleepy
11:53 Feudal Age
16:43 Castle Age
16:40 Loom
27:15 Horse Collar
27:30 Double-Bit Axe
30:09 Wheelbarrow
30:25 Bow Saw
30:18 Heavy Plow
32:07 Gold Mining
33:56 Gold Shaft Mining
35:24 Hand Cart
Rocky
0:42 Loom
12:10 Feudal Age
15:00 Forging
18:14 Castle Age
17:59 Arson
18:27 Scale Mail Armor
19:00 Eagle Warrior
20:14 Squires
20:35 Town Watch
22:35 Wheelbarrow
24:06 Iron Casting
26:00 Town Watch
28:54 Double-Bit Axe
28:52 Horse Collar
30:35 Hand Cart
Artem
0:50 Loom
11:00 Feudal Age
17:09 Castle Age
18:14 Wheelbarrow
17:24 Town Watch
17:26 Horse Collar
18:20 Heavy Plow
20:48 Stone Mining
29:34 Double-Bit Axe
31:15 Gold Mining
32:02 Stone Shaft Mining
32:14 Hand Cart
31:44 Town Watch
35:26 Imperial Age
32:59 Scale Mail Armor
32:47 Arson
33:03 Squires
33:27 Squires
33:12 Gambesons
33:39 Forging
34:00 Hamask
35:07 Chain Mail Armor
36:30 Conscription
36:47 Iron Casting
36:43 Plate Mail Armor
35:48 Capped Ram
36:46 Siege Ram
38:04 Elite Jomsviking
40:38 Blast Furnace
merdup
0:31 Loom
12:52 Feudal Age
21:30 Castle Age
20:12 Double-Bit Axe
20:10 Horse Collar
21:37 Pikeman
25:16 Town Watch
Connection lost

Rejoining the realm…

Still unreachable

The connection could not be restored.

Session expired

The server has moved on; the page needs a fresh start.